 Dungeon Crawl Stone Soup version 0.29-a0-297-g7659ce593d (webtiles) character file.

Game seed: 8194571963896705593

42 kae the Firebug (level 3, 0/20 HPs)
             Began as a Tengu Fire Elementalist on Mar 20, 2022.
             Succumbed to a scorpion's poison
             ... on level 3 of the Dungeon.
             The game lasted 00:00:45 (2929 turns).

kae the Firebug (Tengu Fire Elementalist)           Turns: 2929, Time: 00:00:46

Health: 0/20       AC:  2    Str:  8    XL:     3   Next: 54%
Magic:  0/7        EV: 12    Int: 17    God:
Gold:   93         SH:  0    Dex: 14    Spells: 0/6 levels left

rFire   . . .      SeeInvis .   (no weapon)
rCold   . . .      Faith    .   (no shield)
rNeg    . . .      Spirit   .   a - +0 robe
rPois   .          Reflect  .   (helmet restricted)
rElec   .          Harm     .   (no cloak)
rCorr   .          Rampage  .   (no gloves)
Will    .....                   (boots unavailable)
Stlth   ++........              (no amulet)
HPRegen 0.06/turn               (no ring)
MPRegen 0.10/turn               (no ring)

@: lethally poisoned (0 -> -15)
A: beak, talons 3
a: no special abilities


You were on level 3 of the Dungeon.
You visited 1 branch of the dungeon, and saw 3 of its levels.

You collected 93 gold pieces.

Inventory:

Armour
 a - a +0 robe (worn)
Jewellery
 e - the amulet of the Trout {RegenMP Contam Will+ Str+4 Int+6}
   (You found it on level 3 of the Dungeon)

   [amulet of magic regeneration]

   It increases your rate of magic regeneration.
   Str:       It affects your strength (+4).
   Int:       It affects your intelligence (+6).
   Contam:    It causes magical contamination when unequipped.
   Will:      It increases your willpower.
Scrolls
 d - 3 scrolls of identify
Potions
 b - a potion of magic


   Skills:
 + Level 1.1 Fighting
 - Level 2.1 Dodging
 - Level 2.0 Stealth
 + Level 2.3 Spellcasting
 + Level 2.2 Conjurations
 * Level 4.0 Fire Magic


You couldn't memorise any spells.
You knew the following spells:

 Your Spells              Type           Power      Damage    Failure   Level
a - Foxfire               Conj/Fire      48%        2x1d6     5%          1
b - Scorch                Fire           30%        2d6       5%          2
c - Conjure Flame         Conj/Fire      12%        6-21      16%         3

Your spell library contained the following spells:

 Spells                   Type           Power      Damage    Failure   Level
 Inner Flame              Hex/Fire       8%         N/A       24%         3
 Flame Wave               Conj/Fire      12%        2d6       45%         4


Dungeon Overview and Level Annotations

Branches:
Dungeon (3/15)

Altars:
Trog


Innate Abilities, Weirdness & Mutations

You have a beak for a mouth.
You have claws for feet.


Message History

The scorpion is moderately wounded.
The foxfire hits the scorpion but does no damage.
The scorpion is moderately wounded.
The scorpion closely misses you.
Casting: Foxfire (safe; 5% risk of failure)
Confirm with . or Enter, or press ? or * to list all spells.
Flames lash the scorpion but do no damage.
You feel sick. The scorpion barely misses you.
You feel sick. The scorpion barely misses you. x2
Casting: Scorch (safe; 5% risk of failure)
Confirm with . or Enter, or press ? or * to list all spells.
Flames lash the scorpion.
The scorpion is severely wounded.
The scorpion's fire resistance burns away.
You feel sick. The scorpion barely misses you.
You feel sick. The scorpion stings you.
* * * LOW HITPOINT WARNING * * *
Casting: Scorch (safe; 5% risk of failure)
Confirm with . or Enter, or press ? or * to list all spells.
You don't have enough magic to cast this spell.
It was a potion of curing.
You feel better. The scorpion misses you.
Casting: Scorch (safe; 5% risk of failure)
Confirm with . or Enter, or press ? or * to list all spells.
You conjure some foxfire!
The scorpion stings you.
You are poisoned.
The scorpion poisons you!
You feel sick.
The scorpion is no longer more vulnerable to fire.
The foxfire hits the scorpion.
The scorpion is severely wounded.
The foxfire hits the scorpion but does no damage.
The scorpion is severely wounded.
The scorpion stings you.
You are lethally poisoned!
The scorpion poisons you! The scorpion stings you.
* * * LOW HITPOINT WARNING * * *
Casting: Foxfire (safe; 5% risk of failure)
Confirm with . or Enter, or press ? or * to list all spells.
You conjure some foxfire!
You die...

########### #########
#.........# ........#
#.........# ........#
#.........# ........#
#.........# .#'######
#.........# .#....#
#.....s...# .##.#.#
#.....@v..+ .##<#>#
#....§§v..# .##.#.#
####...##.## ..###.#
#.#.....#
......########.#...#.#
...........†..........
#.###.#.######.#..##.#
#+###.......##.........
...##...###.####.######


You could see a scorpion (ally target).

Vanquished Creatures
  3 worms
  2 endoplasms
  3 goblins
  7 hobgoblins
  3 kobolds (D:2)
  A quokka (D:1)
  7 ball pythons
  2 bats (D:2)
  A frilled lizard (D:2)
  2 rats (D:2)
31 creatures vanquished.

Vanquished Creatures (others)
  161 foxfires
161 creatures vanquished.

Grand Total: 192 creatures vanquished

Notes
Turn   | Place    | Note
-------+----------+-------------------------------------------
     0 | D:1      | kae the Tengu Fire Elementalist began the quest for the
                  | Orb.
     0 | D:1      | Reached XP level 1. HP: 10/10 MP: 4/4
   428 | D:1      | Reached XP level 2. HP: 16/16 MP: 3/6
  1128 | D:2      | Found a bloodstained altar of Trog.
  1604 | D:2      | Reached XP level 3. HP: 20/20 MP: 3/7
  1607 | D:2      | Learned a level 2 spell: Scorch
  1611 | D:2      | Learned a level 3 spell: Conjure Flame
  1816 | D:2      | Reached skill level 1 in Fighting
  2458 | D:2      | Reached skill level 4 in Fire Magic
  2812 | D:3      | Identified the amulet of the Trout {RegenMP Contam Will+
                  | Str+4 Int+6}
  2915 | D:3      | Noticed a scorpion
  2929 | D:3      | Succumbed to a scorpion's poison

Illustrated notes

Levels and vault maps discovered:
D:1:      minmay_arrival_hallway, layout_basic, hex_intersection
D:2:      layout_basic, basic_altar
D:3:      layout_basic, lemuel_round_altar, ebering_ghost_sewer_d,
          hellmonk_ecumenical_altar_prayer_group

Skill      XL: |  1  2  3 |
---------------+----------+-----
Conjurations   | 2 |  2.2
Fighting       | 1 |  1.1
Fire Magic     | 4 |  4.0
Dodging        | |  2.1
Stealth        | |  2.0
Spellcasting   | |  2.3

Action                   || total
-------------------------++-------
Melee: Unarmed           ||    10
       Kick              ||     5
       Peck              ||     1
 Cast: Foxfire           ||   100
       Scorch            ||     2
  Use: Scroll            ||     3
       Potion            ||     1
Armor: Robe              ||     9
Dodge: Dodged            ||    30

Table legend: (Time is in decaauts)
 A = Elapsed time spent in this place.
 B = Non-inter-level travel time spent in this place.
 C = Inter-level travel time spent in this place.
 D = Time resting spent in this place.
 E = Time spent auto-exploring this place.
 F = Levels seen in this place.
 G = Mean time per level.
                   A        B        C        D        E       F      G
               +--------+--------+--------+--------+--------+-----+--------+
         Total |   2928 |   2860 |     68 |      0 |   2547 |   3 |  976.0 |
       Dungeon |   2928 |   2860 |     68 |      0 |   2547 |   3 |  976.0 |
               +--------+--------+--------+--------+--------+-----+--------+

Top non-repeatable levels by time:
     D:2: 1586 daAuts
     D:1: 1056 daAuts
     D:3: 285 daAuts
